[Event "25th Troya Open 2017"]
[Site "Canakkale"]
[Date "2017.08.10"]
[Round "6.6"]
[White "Alaz, Ahmet Efekan"]
[Black "Karaahmetoglu, Ege"]
[Result "1/2-1/2"]
[ECO "D00"]
[WhiteElo "2048"]
[BlackElo "2086"]
[Annotator "NA RC"]
[PlyCount "95"]
[EventCountry "TUR"]
[SourceTitle "playchess.com"]
[Source "ChessBase"]
[SourceQuality "1"]
[TimeControl "5400+30"]

1. d4 Nf6 2. Bg5 d5 3. Bxf6 exf6 4. e3 c6 5. c4 Bb4+ 6. Nc3 {[%emt 0:00:30] D00: 1 d4 d5: Unusual lines} Qa5 {[%emt 0:01:30] LiveBook: 3 Games} 7. Qb3 (7. Qc1 O-O 8. cxd5 cxd5 9. Nge2 Be6 10. a3 Bd6 11. g3 Nd7 12. Bg2 Rac8 13. O-O f5 14. Qe1 Qa6 15. Qd2 {½-½ (15) Lokander,M (2309)-Musaev,R (2281) Olomouc 2014}) 7... dxc4 8. Bxc4 O-O 9. Nf3 Nd7 $146 ({Predecessor:} 9... b5 10. Be2 Be6 11. Qc2 Nd7 12. O-O Bxc3 13. Qxc3 Qxc3 14. bxc3 {½-½ (37) Balogh,D (2098)-Szurovszky,E (2064) Puspokladany 2014}) 10. O-O Nb6 11. Bd3 Be6 12. Qc2 g6 13. Ne4 (13. a3 $5 Be7 14. Rfc1 $11) 13... Nd5 14. a3 Be7 15. b4 Qc7 16. Nc5 f5 17. Rab1 Bd6 18. Rfc1 Rfc8 19. Qe2 Qe7 20. Rb2 Rc7 21. Nd2 Re8 22. Nc4 Bc8 23. Rbc2 b6 24. Nxd6 Qxd6 25. Nb3 Bb7 (25... Nf4 $5 26. Qf1 Nxd3 27. Qxd3 Be6 $11) 26. Bc4 Ree7 (26... Rce7 $5 ) 27. Bxd5 Qxd5 28. Qc4 Qxc4 29. Rxc4 Rcd7 30. R4c3 Kg7 (30... f4 $11) 31. f3 f6 32. Kf2 Kf7 33. a4 Rd5 34. Re1 Rd8 35. g3 h6 36. h4 g5 $14 37. hxg5 hxg5 38. Rh1 Kg6 39. Rcc1 Ree8 40. Rh2 Rh8 41. Rch1 Rxh2+ 42. Rxh2 Bc8 43. Ke1 Be6 44. Nd2 Kg7 45. Ke2 Rd5 (45... c5 $5) 46. Kd3 c5 47. bxc5 bxc5 48. Nb1 1/2-1/2

[Event "25th Troya Open 2017"]
[Site "Canakkale"]
[Date "2017.08.10"]
[Round "6.7"]
[White "Rzayev, Askar Aliakbar"]
[Black "Tinarlioglu, Emre"]
[Result "1-0"]
[ECO "A61"]
[WhiteElo "2072"]
[BlackElo "1850"]
[Annotator "NA RC"]
[PlyCount "95"]
[EventCountry "TUR"]
[SourceTitle "playchess.com"]
[Source "ChessBase"]
[SourceQuality "1"]
[TimeControl "5400+30"]

1. d4 Nf6 2. Nf3 c5 3. d5 e6 4. c4 exd5 5. cxd5 d6 6. Nc3 g6 7. Bf4 Bg7 8. Qa4+ Bd7 9. Qb3 b5 10. Nxb5 Qa5+ {[%emt 0:00:30] A61: Modern Benoni: Nf3 without early e4} 11. Nc3 {[%emt 0:00:00] LiveBook: 7 Games} Nxd5 (11... c4 $14 12. Qxc4 Nxd5) 12. Qxd5 Bxc3+ {[%emt 0:00:00] [#]} 13. Nd2 $1 Bxd2+ 14. Bxd2 Qb6 {[%emt 0:00:30] [#]} 15. Bc3 (15. Qxa8 $2 {loses.} Bc6 $19) (15. Qe4+ $1 $18 Kd8 16. Bc3 (16. Qxa8 Bc6 $17)) 15... O-O $1 16. O-O-O (16. Qxa8 $2 {is the wrong capture.} Bc6 $19) (16. e3 $14) 16... Be6 $146 ({Predecessor:} 16... Nc6 17. Qf3 Nb4 18. Kb1 {0-1 (34) Van der Vliet,F (2356)-Bezemer,A (2239) Netherlands 2000}) 17. Qxd6 Qxd6 18. Rxd6 Bxa2 19. e3 a6 20. Be2 Be6 (20... Ra7 $16 {might work better.} 21. Kc2 Rd7) 21. Rhd1 a5 $2 (21... Ra7 $16 {keeps fighting.} 22. e4 Rc7) 22. Bf6 (22. Rd8 $142) 22... Ra7 {[%emt 0:05:30] [#]} 23. Bb5 $1 Rb7 24. Ba4 Rb4 $2 (24... Bb3) 25. Rd8 Rc4+ 26. Bc2 Nc6 27. Rxf8+ Kxf8 {[%emt 0:00:30] [#]} 28. b3 $1 Rxc2+ 29. Kxc2 Nb4+ 30. Kb2 Nd5 31. Bd8 f5 32. Bxa5 Ke7 33. Bc3 Kd6 34. Ra1 Nxc3 35. Kxc3 Bd5 36. f3 g5 37. Ra6+ Ke5 38. Ra5 Kd6 39. b4 cxb4+ 40. Kxb4 h5 {[%emt 0:00:47] [#]} 41. Kc3 (41. Rxd5+ $142 $1 Kxd5 42. h3) 41... g4 42. Kd4 Be6 $18 43. Ra6+ Ke7 44. Ke5 Bd7 45. Ra7 h4 46. fxg4 fxg4 47. Kf4 h3 48. g3 1-0

[Event "25th Troya Open 2017"]
[Site "Canakkale"]
[Date "2017.08.10"]
[Round "6.9"]
[White "Kara, Gulce Nehir"]
[Black "Vursan, Emre Can"]
[Result "1/2-1/2"]
[ECO "A00"]
[WhiteElo "1659"]
[BlackElo "1696"]
[Annotator "NA RC"]
[PlyCount "87"]
[EventCountry "TUR"]
[SourceTitle "playchess.com"]
[Source "ChessBase"]
[SourceQuality "1"]
[TimeControl "5400+30"]

1. e4 d5 2. Nc3 d4 3. Nce2 e5 4. Nf3 Bd6 5. c3 c5 6. Ng3 Be6 7. Bb5+ Nd7 8. O-O a6 9. Bxd7+ Qxd7 10. d3 h5 11. Nh4 g6 12. Bg5 Be7 13. Qd2 Qd8 14. Bxe7 Qxe7 15. Nf3 h4 16. Nh1 Bg4 17. Ne1 g5 18. c4 Qf6 19. f3 Bd7 20. Nf2 Qf4 21. Qxf4 gxf4 22. Ng4 Bxg4 23. fxg4 h3 24. gxh3 Rxh3 25. Nf3 f6 26. Kg2 Rh7 27. a3 b5 28. b4 Rc7 29. Rfc1 Rac8 30. Nd2 Nh6 31. h3 Nf7 32. bxc5 Rxc5 33. Nb3 R5c7 34. c5 Ng5 35. Rc2 Rh7 36. Rh1 Ne6 37. c6 Rhc7 38. Na5 Nd8 39. Rhc1 Ke7 40. Kf3 Kd6 41. Nb7+ Ke7 42. Na5 Kd6 43. Nb7+ Ke7 44. Na5 1/2-1/2

[Event "25th Troya Open 2017"]
[Site "Canakkale"]
[Date "2017.08.10"]
[Round "6.10"]
[White "Pektas, Gokdeniz"]
[Black "Yildiz, Serkan"]
[Result "1/2-1/2"]
[ECO "A52"]
[WhiteElo "1625"]
[BlackElo "1770"]
[Annotator "NA RC"]
[PlyCount "99"]
[EventCountry "TUR"]
[SourceTitle "playchess.com"]
[Source "ChessBase"]
[SourceQuality "1"]
[TimeControl "5400+30"]

1. d4 Nf6 2. c4 e5 3. dxe5 Ng4 4. Bf4 Nc6 5. Nf3 Bb4+ 6. Nbd2 Qe7 7. a3 Ngxe5 8. Nxe5 Nxe5 9. e3 Bxd2+ 10. Qxd2 d6 11. Be2 Bd7 12. O-O Bc6 13. b4 b6 14. c5 dxc5 15. bxc5 b5 16. Qb2 Nc4 17. Bxc4 bxc4 18. Qxg7 O-O-O 19. Qe5 Qxe5 20. Bxe5 Rhg8 21. f3 Rd2 22. Rf2 Rd3 23. Bd4 Kb7 24. Rb1+ Ka6 25. Rb4 c3 26. h3 c2 27. Rxc2 Bxf3 28. Kh2 Be4 29. Rcb2 Rxa3 30. Be5 Bc6 31. Bxc7 Re8 32. Bf4 Re4 33. g4 Rxb4 34. Rxb4 Ra2+ 35. Kg3 Ra5 36. Bd6 Rb5 37. Rf4 Bd5 38. e4 Be6 39. Rf6 Rb3+ 40. Kh4 Re3 41. e5 Kb5 42. Rh6 a5 43. c6 Kxc6 44. Rxh7 a4 45. Kg5 a3 46. Bxa3 Rxa3 47. Kf6 Rf3+ 48. Kg7 Kd5 49. g5 Kxe5 50. g6 1/2-1/2

[Event "25th Troya Open 2017"]
[Site "Canakkale"]
[Date "2017.08.10"]
[Round "6.11"]
[White "Tay, Ugur Can"]
[Black "Kaya, Onur"]
[Result "1/2-1/2"]
[ECO "E21"]
[WhiteElo "1508"]
[BlackElo "1633"]
[Annotator "NA"]
[PlyCount "194"]
[EventCountry "TUR"]
[SourceTitle "playchess.com"]
[Source "ChessBase"]
[SourceQuality "1"]
[TimeControl "5400+30"]

1. d4 Nf6 2. Nf3 e6 3. c4 Bb4+ 4. Bd2 Qe7 5. Nc3 b6 6. a3 Bxc3 7. Bxc3 Bb7 8. e3 O-O 9. Bd3 d6 10. O-O Nbd7 11. Re1 Ne4 12. Nd2 f5 13. f3 Nxc3 14. bxc3 e5 15. Qc2 Qg5 16. Kh1 Rf6 17. Nf1 a5 18. Ng3 Raf8 19. Rad1 h5 20. dxe5 dxe5 21. Nxf5 Nc5 22. h4 Nxd3 23. hxg5 Nxe1 24. Rxe1 Rxf5 25. g6 h4 26. e4 Rf4 27. Kh2 Bc8 28. Qd3 Be6 29. Re3 R4f6 30. Qe2 Rxg6 31. c5 Rg3 32. cxb6 cxb6 33. Qb5 Rf6 34. Qxe5 Rfg6 35. Re2 R3g5 36. Qb8+ Kh7 37. f4 Bc4 38. fxg5 Bxe2 39. Qf4 Rc6 40. Qxh4+ Kg8 41. Qg3 Bh5 42. e5 Re6 43. Kg1 Be8 44. Kf2 Rc6 45. Qe3 Bf7 46. g3 Kf8 47. Qf3 Re6 48. Qf4 Ke8 49. Qd4 Ke7 50. Ke3 Rc6 51. Kd2 Be6 52. g6 Bf5 53. Qh4+ Ke6 54. Qg5 Rc4 55. Qd8 Rc6 56. Qe8+ Kd5 57. Qf7+ Kxe5 58. Qxg7+ Rf6 59. Qc7+ Rd6+ 60. Ke3 Bxg6 61. Qg7+ Kd5 62. Qd4+ Ke6 63. Qg4+ Kf6 64. Qf4+ Ke6 65. Ke2 Ke7 66. Qg5+ Kf7 67. Qf4+ Ke7 68. g4 Re6+ 69. Kd2 Rd6+ 70. Kc1 Rc6 71. Qe5+ Kf7 72. Kd2 Re6 73. Qc7+ Kf6 74. Qf4+ Ke7 75. g5 Bf7 76. Qc7+ Kf8 77. Kd3 Kg7 78. Kd4 Kg6 79. Qf4 Kg7 80. Qf5 Rd6+ 81. Ke3 Re6+ 82. Kf4 Rc6 83. Qe5+ Kf8 84. Qb8+ Kg7 85. Qe5+ Kf8 86. Kg3 Re6 87. Qf4 Kg7 88. Qd4+ Kf8 89. Kf4 Rc6 90. Qh8+ Ke7 91. Qe5+ Kf8 92. Kg3 Re6 93. Qd4 Rc6 94. Qd8+ Kg7 95. Qd4+ Kf8 96. Qh8+ Ke7 97. Qe5+ Kf8 1/2-1/2

[Event "25th Troya Open 2017"]
[Site "Canakkale"]
[Date "2017.08.10"]
[Round "6.12"]
[White "Konusoglu, Kemal Safa"]
[Black "Erdal, Kerem"]
[Result "1-0"]
[ECO "D13"]
[WhiteElo "1555"]
[BlackElo "1579"]
[Annotator "NA RC"]
[PlyCount "51"]
[EventCountry "TUR"]
[SourceTitle "playchess.com"]
[Source "ChessBase"]
[SourceQuality "1"]
[TimeControl "5400+30"]

1. d4 d5 2. Nf3 Nf6 3. c4 c6 4. Nc3 a6 5. cxd5 cxd5 6. Bf4 Nc6 7. e3 Bf5 8. Bd3 Bxd3 9. Qxd3 e6 10. O-O Be7 11. Rac1 O-O 12. Ne5 Nd7 13. Nxc6 bxc6 14. Na4 Qa5 15. Qc2 Rfc8 16. a3 f6 17. b4 Qd8 18. Nc5 Bxc5 19. bxc5 e5 20. Bg3 Qa5 21. Qf5 Nf8 22. dxe5 fxe5 23. Bxe5 Qxa3 24. Rb1 Rcb8 25. Bxb8 Qxc5 26. Rb7 1-0